AoeStats
← Bilbo T Baggins

Golden Pit

509884947Analyzed
1v1 RM · 5d ago on Sep 28, 2026· 61m 1s· 2 players
Game mode
Random Map
Map size
Tiny (2 player)
Population
200
Speed
Normal
Resources
Standard
Victory
Conquest
Starting age
Dark Age
Ending age
Imperial Age
RankedLock teamsTeams togetherTeam positionsShared explorationLock speedFull tech treeHidden civsTurbo modeCheats
Victory
Defeat
🇭🇰 Wei · Hong Kong SAR China
1072
+16
🇺🇸 Lithuanians · United States
1064
-16
Bilbo T Baggins
5:15 Loom
13:58 Feudal Age
14:26 Double-Bit Axe
14:23 Horse Collar
15:33 Wheelbarrow
15:50 Town Watch
20:00 Castle Age
20:30 Stone Mining
21:08 Bow Saw
22:34 Fletching
24:49 Bodkin Arrow
24:55 Scale Mail Armor
25:35 Scale Barding Armor
24:54 Pikeman
26:02 Elite Skirmisher
26:59 Gold Mining
28:54 Forging
28:45 Padded Archer Armor
29:22 Heavy Plow
32:51 Imperial Age
31:22 Leather Archer Armor
31:52 Hand Cart
35:28 Chemistry
34:49 Ballistics
34:39 Masonry
34:57 Light Cavalry
35:48 Bloodlines
36:25 Stone Shaft Mining
42:26 Bracer
43:01 Iron Casting
42:41 Chain Mail Armor
42:47 Chain Barding Armor
42:57 Ring Archer Armor
43:02 Tower Shields
43:23 Conscription
47:55 Masonry
48:20 Winged Hussar
51:50 Ballistics
52:00 Architecture
55:16 Husbandry
57:05 Plate Barding Armor
Gilbert builds a Blacksmith
8:54 Loom
10:57 Feudal Age
11:41 Double-Bit Axe
11:38 Horse Collar
13:49 Town Watch
16:16 Wheelbarrow
18:11 Gold Mining
18:14 Stone Mining
20:41 Castle Age
21:18 Scale Barding Armor
21:51 Squires
23:45 Bow Saw
25:24 Heavy Plow
30:30 Gold Mining
31:53 Hand Cart
31:58 Tuntian
34:53 Imperial Age
32:32 Husbandry
32:50 Fletching
34:37 Bodkin Arrow
35:12 Thumb Ring
35:50 Gold Shaft Mining
36:46 Bracer
36:47 Padded Archer Armor
36:59 Pikeman
39:02 Parthian Tactics
39:43 Sanctity
39:53 Chain Barding Armor
39:49 Leather Archer Armor
40:28 Forging
40:56 Bloodlines
40:07 Light Cavalry
42:43 Ring Archer Armor
45:41 Parthian Tactics
45:54 Iron Casting
47:29 Hoardings
49:02 Chemistry
48:13 Masonry
49:10 Conscription
49:36 Ballistics
49:42 Murder Holes
49:34 Capped Ram
50:42 Siege Ram
51:29 Town Patrol
53:43 Hussar
61:16 Guard Tower
Connection lost

Rejoining the realm…

Still unreachable

The connection could not be restored.

Session expired

The server has moved on; the page needs a fresh start.